 Dungeon Crawl Stone Soup version 0.29-a0-106-g0a07039d5a (webtiles) character file.

Game seed: 14550447730147015717

3369 meatgazer the Fighter (level 9, -3/89 HPs)
             Began as a Minotaur Berserker on Feb 16, 2022.
             Was an Elder of Trog.
             Shot with an arrow by a centaur (6 damage)
             ... on level 7 of the Dungeon.
             The game lasted 00:13:16 (8628 turns).

meatgazer the Fighter (Minotaur Berserker)          Turns: 8628, Time: 00:13:16

Health: -3/89      AC: 11    Str: 25    XL:     9   Next: 73%
Magic:  8/8        EV: 11    Int:  4    God:    Trog [****..]
Gold:   361        SH:  0    Dex: 15    Spells: 8/8 levels left

rFire   . . .      SeeInvis .   a - +1 hand axe
rCold   . . .      Faith    .   (no shield)
rNeg    . . .      Spirit   .   f - +0 ring mail of Efiduirph {rElec Str+2}
rPois   .          Reflect  .   (helmet restricted)
rElec   +          Harm     .   (no cloak)
rCorr   .          Rampage  .   h - +1 pair of gloves
Will    +....      Clarity  +   (no boots)
Stlth   +.........              (no amulet)
HPRegen 0.24/turn               k - ring of willpower
MPRegen 0.11/turn               b - +4 ring of protection

@: on berserk cooldown, slowed, very slow
A: horns 2, retaliatory headbutt, agile 1, clarity, deterioration 1
a: Renounce Religion, Berserk, Trog's Hand, Brothers in Arms


You were on level 7 of the Dungeon.
You worshipped Trog.
Trog was greatly pleased with you.
You visited 1 branch of the dungeon, and saw 7 of its levels.

You collected 361 gold pieces.

Inventory:

Hand Weapons
 a - a +1 hand axe (weapon)
Missiles
 e - 105 arrows
 p - 2 throwing nets (quivered)
Armour
 f - the +0 ring mail of Efiduirph (worn) {rElec Str+2}
   (You found it on level 6 of the Dungeon)

   Str:       It affects your strength (+2).
   rElec:     It insulates you from electricity.
 h - a +1 pair of gloves (worn)
Jewellery
 b - a +4 ring of protection (right hand)
 k - a ring of willpower (left hand)
 m - a +6 ring of intelligence
 o - a ring of poison resistance
 t - a ring of protection from cold
Wands
 q - a wand of flame (18)
 s - a wand of iceblast (6)
Scrolls
 l - 4 scrolls of fear
 n - 4 scrolls of teleportation
 u - a scroll of torment {unknown}
 v - a scroll of amnesia {unknown}
Potions
 d - 3 potions of lignification
 g - 4 potions of haste
 i - a potion of flight
 j - 3 potions of curing
 r - a potion of heal wounds {unknown}


   Skills:
 + Level 11.1 Fighting
 + Level 11.1 Axes
 - Level 2.4 Armour
 - Level 2.1 Dodging
 + Level 5.4 Evocations


You had 8 spell levels left.
You didn't know any spells.
Your spell library was empty.

Dungeon Overview and Level Annotations

Branches:
Dungeon (7/15)             Temple (0/1) D:6

Altars:


Innate Abilities, Weirdness & Mutations

You have a pair of horns on your head.
You reflexively headbutt those who attack you in melee.
You are agile. (Dex +2)
You possess an exceptional clarity of mind.
Your body sometimes deteriorates upon taking damage.


Message History

* * * LOW HITPOINT WARNING * * *
The centaur zaps a wand.
The puff of flame misses you.
You hit the centaur.
The centaur is severely wounded.
You slash the howler monkey skeleton! The centaur closely misses you.
The centaur kicks you but does no damage.
The howler monkey skeleton closely misses you.
You furiously retaliate!
You headbutt the howler monkey skeleton!
You hit the centaur. Your headbutt misses the centaur.
The centaur is almost dead.
You hit the howler monkey skeleton.
You destroy the howler monkey skeleton!
Trog accepts your kill. The centaur hits you.
* * * LOW HITPOINT WARNING * * *
The centaur barely misses you. The centaur closely misses you.
You furiously retaliate!
You headbutt the centaur, but do no damage.
The centaur barely misses you.
A howler monkey skeleton comes into view.
As you read the scroll of fear, it crumbles to dust.
You assume a fearsome visage.
The centaur looks frightened!
The troll looks frightened!
The howler monkey skeleton is unaffected.
A bullfrog comes into view.
The troll begs, "Please don't kill me!"
The centaur wields a +0 shortbow.
The centaur shoots an arrow.
The arrow hits you.
* * * LOW HITPOINT WARNING * * *
The bullfrog croaks.
You hear a shout!
The centaur zaps a wand.
The puff of flame hits you!
* * * LOW HITPOINT WARNING * * *
The centaur zaps a wand.
The puff of flame hits you!
* * * LOW HITPOINT WARNING * * *
It was a potion of mutation.
You feel extremely strange.
You feel agile.
Your thoughts seem clearer.
You feel yourself wasting away.
The centaur shoots an arrow.
The arrow hits you.
You die...

#.........# ..#
#.........###.#
#.........#c..#
#.........#.#F#
#.........#.c.#
#.........#.#.#
#.........#.(.#
.........##†#.#
..........#..@# ##
.###......###.##...#
####...........#
##..........#
#.............#
......##........#
##.######....#### ##
######


You could see a bullfrog and a centaur.

Vanquished Creatures
  Pikel (D:6)
  A cyclops (D:7)
  Joseph (D:7)
  2 water moccasins
  Duvessa (D:5)
  A hornet zombie (D:7)
  4 ice beasts
  An orc warrior (D:6)
  A black bear (D:7)
  2 necrophages
  2 lemures (D:6)
  2 kobold brigands
  A bullfrog (D:6)
  2 scorpions
  A wyvern skeleton (D:6)
  Dowan (D:5)
  A howler monkey (D:6)
  3 hounds
  3 jellies
  A gnoll shaman (D:4)
  4 iguanas
  A hound skeleton (D:3)
  A howler monkey skeleton (D:7)
  12 adders
  7 gnolls
  3 ufetubi
  An adder zombie (D:3)
  2 worms (D:3)
  2 dart slugs
  8 orcs
  9 endoplasms
  5 giant cockroaches
  5 goblins
  6 hobgoblins
  4 jackals (D:1)
  16 kobolds
  4 quokkas
  7 ball pythons
  A ball python skeleton (D:3)
  7 bats
  6 frilled lizards
  A quokka skeleton (D:3)
  11 rats
  2 bushes (D:4)
157 creatures vanquished.

Vanquished Creatures (others)
  12 plants (D:4)
  A withered plant (D:3)
13 creatures vanquished.

Grand Total: 170 creatures vanquished

Notes
Turn   | Place    | Note
-------+----------+-------------------------------------------
     0 | D:1      | meatgazer the Minotaur Berserker began the quest for the
                  | Orb.
     0 | D:1      | Reached XP level 1. HP: 19/19 MP: 0/0
   504 | D:1      | Reached XP level 2. HP: 23/27 MP: 1/1
   662 | D:1      | Found a faded altar of an unknown god.
   960 | D:1      | Reached ** piety under Trog
  1282 | D:1      | Reached XP level 3. HP: 31/34 MP: 2/2
  2236 | D:2      | Reached skill level 5 in Fighting
  2236 | D:2      | Reached skill level 5 in Axes
  2236 | D:2      | Reached XP level 4. HP: 25/42 MP: 3/3
  3439 | D:3      | Reached XP level 5. HP: 29/48 MP: 4/4
  3783 | D:3      | Reached *** piety under Trog
  4118 | D:4      | Reached XP level 6. HP: 51/57 MP: 5/5
  4568 | D:4      | Noticed an ice beast
  4575 | D:4      | Killed an ice beast
  4795 | D:4      | Reached XP level 7. HP: 64/66 MP: 6/6
  5357 | D:5      | Entered Level 5 of the Dungeon
  5361 | D:5      | Noticed Duvessa
  5361 | D:5      | Noticed Dowan
  5370 | D:5      | Killed Duvessa
  5374 | D:5      | Killed Dowan
  5928 | D:5      | Reached **** piety under Trog
  6058 | D:5      | Reached skill level 1 in Evocations
  6058 | D:5      | Reached XP level 8. HP: 75/75 MP: 7/7
  6869 | D:6      | Identified the +0 ring mail of Efiduirph {rElec Str+2}
  7017 | D:6      | Found a staircase to the Ecumenical Temple.
  7329 | D:6      | Noticed Pikel
  7340 | D:6      | Killed Pikel
  7341 | D:6      | Reached skill level 10 in Fighting
  7341 | D:6      | Reached skill level 10 in Axes
  7341 | D:6      | Reached XP level 9. HP: 85/85 MP: 8/8
  7894 | D:7      | Noticed Joseph
  7902 | D:7      | Killed Joseph
  8589 | D:7      | Noticed a cyclops
  8598 | D:7      | Killed a cyclops
  8599 | D:7      | Reached skill level 5 in Evocations
  8620 | D:7      | Noticed a troll
  8627 | D:7      | HP: 3/89 [centaur/puff of flame (7)]
  8628 | D:7      | Gained mutation: You are agile. (Dex +2) [potion of
                  | mutation]
  8628 | D:7      | Gained mutation: You possess an exceptional clarity of
                  | mind. [potion of mutation]
  8628 | D:7      | Gained mutation: Your body sometimes deteriorates upon
                  | taking damage. [potion of mutation]
  8628 | D:7      | Shot with an arrow by a centaur

Illustrated notes

Levels and vault maps discovered:
D:1:      amcnicky_arrival_feature_with_door, layout_loops_cross,
          chequers_ecumenical_altar_grove, minmay_misc_feat_ornament,
          minivault_11
D:2:      layout_loops_corners
D:3:      layout_rooms, serial_undead, serial_undead_b, serial_undead_f,
          serial_undead_b, serial_undead_a, minmay_bisected
D:4:      layout_loops_cross, lexackson_kobold_supper
D:5:      layout_basic, eino_tiny_chamber, hex_tiny, uniq_duvessa
D:6:      layout_cave_pods, minmay_temple_entry_glass, uniq_pikel
D:7:      layout_cave_pods, hangedman_minor_gate_pass, uniq_joseph

Skill      XL: |  1  2  3  4  5  6  7  8  9 |
---------------+----------------------------+-----
Fighting       | 4 5 6 7 8 10 11 | 11.1
Axes           | 4 5 6 7 8 10 11 | 11.1
Evocations     | 1 4 5 |  5.4
Armour         | |  2.4
Dodging        | |  2.1

Action                   |  1- 3 |  4- 6 |  7- 9 || total
-------------------------+-------+-------+-------++-------
Melee: Hand axe          |    86 |   120 |   325 ||   531
       Headbutt          |     6 |    22 |   102 ||   130
       Punch             |     2 |     1 |     9 ||    12
Invok: Berserk           |       |     3 |     7 ||    10
Evoke: Wand              |       |       |     1 ||     1
  Use: Scroll            |       |     5 |     9 ||    14
       Potion            |       |       |     2 ||     2
Armor: Animal skin       |     1 |       |       ||     1
       Chain mail        |    40 |    65 |    48 ||   153
       Ring mail         |       |       |    36 ||    36
Dodge: Dodged            |    42 |    40 |    73 ||   155

Table legend: (Time is in decaauts)
 A = Elapsed time spent in this place.
 B = Non-inter-level travel time spent in this place.
 C = Inter-level travel time spent in this place.
 D = Time resting spent in this place.
 E = Time spent auto-exploring this place.
 F = Levels seen in this place.
 G = Mean time per level.
                   A        B        C        D        E       F      G
               +--------+--------+--------+--------+--------+-----+--------+
         Total |   8682 |   8583 |     99 |   3561 |   3940 |   7 | 1240.3 |
       Dungeon |   8682 |   8583 |     99 |   3561 |   3940 |   7 | 1240.3 |
               +--------+--------+--------+--------+--------+-----+--------+

Top non-repeatable levels by time:
     D:1: 1689 daAuts
     D:2: 1663 daAuts
     D:6: 1384 daAuts
     D:4: 1203 daAuts
     D:5: 1018 daAuts
     D:7: 888 daAuts
     D:3: 832 daAuts
